 Dungeon Crawl Stone Soup version 0.32-a0-433-g08bcfe7efd (webtiles) character file.

Game seed: 3565302382425849204

124 Strat the Chopper (level 4, -2/38 HPs)
             Began as a Mountain Dwarf Fighter on Feb 22, 2024.
             Succumbed to an orc wizard's poison
             ... on level 2 of the Dungeon.
             The game lasted 00:03:07 (2028 turns).

Strat the Chopper (Mountain Dwarf Fighter)          Turns: 2028, Time: 00:03:07

Health: -2/38      AC: 12    Str: 20    XL:     4   Next: 81%
Magic:  4/4        EV:  9    Int:  9    God:
Gold:   173        SH:  4    Dex:  9    Spells: 3/3 levels left

rFire   . . .        a - +0 war axe
rCold   . . .        c - +0 buckler
rNeg    . . .        b - +0 scale mail
rPois   .            (no helmet)
rElec   .            (no cloak)
rCorr   .            (no gloves)
SInv    .            m - +0 pair of boots
Will    .....        (no amulet) Stlth
                     o - +4 ring of protection
HPRegen 0.26/turn    (no ring)
MPRegen 0.09/turn

%: no passive effects
@: mighty, lethally poisoned (-2 -> -16)
A: runic magic, artefact enchanting
a: no special abilities


You were on level 2 of the Dungeon.
You visited 1 branch of the dungeon, and saw 3 of its levels.

You collected 173 gold pieces.

Inventory:

Hand Weapons
 a - a +0 war axe (weapon)
Missiles
 l - 7 poisoned darts (quivered)
Armour
 b - a +0 scale mail (worn)
 c - a +0 buckler (worn)
 m - a +0 pair of boots (worn)
Jewellery
 o - a +4 ring of protection (left hand)
Scrolls
 f - a scroll of teleportation {unknown}
 g - 4 scrolls of identify {unknown}
 h - a scroll of enchant weapon {unknown}
 k - 2 scrolls of blinking {unknown}
 p - a scroll of noise {unknown}
 q - a scroll of fog {unknown}
Potions
 e - a potion of haste {unknown}
 i - 2 potions of heal wounds {unknown}
 j - a potion of lignification {unknown}
 n - a potion of attraction {unknown}


   Skills:
 + Level 3.4 Fighting
 + Level 6.1 Axes
 - Level 3.2 Armour
 - Level 3.2 Shields


You had 3 spell levels left.
You didn't know any spells.
Your spell library contained the following spells:

 Spells                   Type           Power      Damage    Failure   Level
 Shock                    Conj/Air       0%         1d3       54%         1
 Mercury Vapours          Alch/Air       0%         N/A       69%         2
 Mephitic Cloud           Conj/Alch/Air  0%         N/A       89%         3
 Swiftness                Air            0%         N/A       89%         3
 Airstrike                Air            0%         2d(0-16)  100%        4
 Freezing Cloud           Conj/Ice/Air   0%         6-21      100%        5


Dungeon Overview and Level Annotations

Branches:
Dungeon (3/15)

Altars:


Innate Abilities, Weirdness & Mutations

Your spellcasting is much less encumbered by armour.
You can use scrolls of enchantment on lesser artefacts.


Message History

You feel sick.
You feel sick.
You feel sick.
You feel sick.
You hear some strange, mumbled words.
You are confused.
The orc wizard casts a spell.
The orc wizard flickers and vanishes!
You bump into the rock wall.
You feel sick.
You are no longer poisoned.
You bump into the rock wall.
You feel less confused. Something hits you but does no damage.
You are poisoned.
You feel sick.
There is a stone staircase leading up here.
You feel sick. Something hits you but does no damage.
You are more poisoned.
You climb upwards.
Reactivating autopickup.
You feel very sick.
There is a stone staircase leading down here.
Unknown command.
You feel very mighty all of a sudden.
You feel sick. Something hits you but does no damage.
You are lethally poisoned!
Deactivating autopickup; reactivate with Ctrl-A.
* * * LOW HITPOINT WARNING * * *
You feel very sick.
* * * LOW HITPOINT WARNING * * *
You feel very sick.
You slash something!
* * * LOW HITPOINT WARNING * * *
You feel very sick. Something hits you.
* * * LOW HITPOINT WARNING * * *
You are more poisoned.
You slash something!
Reactivating autopickup.
You feel a bit more experienced.
You die...

#.##..#.....######.# #.#.#.#
#........#..# ##+.# #.#....
####.#...#..# ##...## #.###.#
#...########.....## #......
##.#.## ##.......## ##.###.#
#.....####.........####...##.#
#........'...>.....'..........
#.#...####...).....####...##.#
#.##.## ##..@....## ##.###.#
#.#### ##.<...## #####.# #..#
##...## #####... ##.# #####'##
#....... #.# ##...#.# #.###...
####.######.###..### #.# ####
#........##.#......# #.#
#.##.###.##.#.#....# #.#
#.##.# #.###.......# #.#


There were no monsters in sight!

Vanquished Creatures
  An orc wizard (D:2)
  5 adders (D:2)
  5 ribbon worms (D:2)
  2 dart slugs (D:1)
  3 orcs (D:3)
  5 bats
  6 endoplasms
  3 giant cockroaches
  4 goblins
  2 hobgoblins
  2 jackals (D:1)
  6 kobolds
  7 ball pythons
  5 frilled lizards
  6 rats
62 creatures vanquished.

Notes
Turn   | Place    | Note
-------+----------+-------------------------------------------
     0 | D:1      | Strat the Mountain Dwarf Fighter began the quest for the
                  | Orb.
     0 | D:1      | Reached XP level 1. HP: 19/19 MP: 1/1
    55 | D:1      | Reached skill level 3 in Axes
    71 | D:1      | Reached XP level 2. HP: 19/26 MP: 2/2
   332 | D:1      | Reached skill level 4 in Axes
   347 | D:1      | Found a faded altar of an unknown god.
   362 | D:1      | Reached XP level 3. HP: 31/31 MP: 3/3
   882 | D:2      | Reached skill level 5 in Axes
   954 | D:2      | Reached XP level 4. HP: 38/38 MP: 4/4
  1500 | D:2      | Reached skill level 6 in Axes
  2027 | D:2      | HP: 1/38 [something (2)]
  2028 | D:2      | Succumbed to an orc wizard's poison

Illustrated notes

Levels and vault maps discovered:
D:1:      elethiomel_arrival_quiet, layout_basic,
          hellmonk_ecumenical_altar_run_dry, hex_intersection
D:2:      layout_loops_corners, hangedman_decor_push
D:3:      layout_basic, small_statue_intersection

Skill      XL: |  1  2  3  4 |
---------------+-------------+-----
Axes           | 3 4 5 6 |  6.1
Fighting       | |  3.4
Armour         | |  3.2
Shields        | |  3.2

Action                     |  1- 3 |  4- 6 || total
---------------------------+-------+-------++-------
  Melee: War axe           |   116 |    88 ||   204
    Use: Potion            |       |     1 ||     1
 Armour: Scale mail        |    80 |    71 ||   151
  Dodge: Dodged            |    70 |    38 ||   108
  Block: Buckler           |    19 |    15 ||    34

Table legend: (Time is in decaauts)
 A = Elapsed time spent in this place.
 B = Non-inter-level travel time spent in this place.
 C = Inter-level travel time spent in this place.
 D = Time resting spent in this place.
 E = Time spent auto-exploring this place.
 F = Levels seen in this place.
 G = Mean time per level.
                   A        B        C        D        E       F      G
               +--------+--------+--------+--------+--------+-----+--------+
         Total |   2088 |   2007 |     81 |     16 |   1436 |   3 |  696.0 |
       Dungeon |   2088 |   2007 |     81 |     16 |   1436 |   3 |  696.0 |
               +--------+--------+--------+--------+--------+-----+--------+

Top non-repeatable levels by time:
     D:2: 1173 daAuts
     D:1: 739 daAuts
     D:3: 174 daAuts
